AoeStats
← The Crusader

Arabia

510178291Analyzed
1v1 RM · 3d ago on Sep 29, 2026· 49m 17s· 2 players
Game mode
Random Map
Map size
Tiny (2 player)
Population
200
Speed
Normal
Resources
Standard
Victory
Conquest
Starting age
Dark Age
Ending age
Imperial Age
RankedLock teamsTeams togetherTeam positionsShared explorationLock speedFull tech treeHidden civsTurbo modeCheats
Victory
Defeat
🇧🇷 Sicilians · Brazil
1949
+8
🇺🇸 Gurjaras · United States
1759
-8
Jeffin
7:03 Loom
9:28 Feudal Age
10:01 Double-Bit Axe
9:58 Horse Collar
17:25 Wheelbarrow
16:46 Fletching
21:08 Castle Age
19:52 Padded Archer Armor
20:47 Gold Mining
22:09 Bow Saw
22:45 Heavy Plow
25:49 Sanctity
27:02 Scale Mail Armor
27:29 Pikeman
28:11 Squires
28:51 Fervor
30:42 Hand Cart
34:12 Imperial Age
32:29 Chain Mail Armor
32:56 Elite Skirmisher
33:49 Forging
34:19 Halberdier
34:45 Gambesons
36:26 Plate Mail Armor
35:54 Bodkin Arrow
37:12 Masonry
36:58 Murder Holes
38:20 Iron Casting
37:53 Scale Barding Armor
38:39 First Crusade
38:11 Arson
38:58 Bloodlines
39:41 Husbandry
39:03 Cavalier
40:48 Chain Barding Armor
42:08 Plate Barding Armor
43:11 Hauberk
43:26 Conscription
42:56 Light Cavalry
46:07 Blast Furnace
44:54 Arrowslits
46:03 Ballistics
46:21 Town Watch
46:53 Guilds
49:08 Bracer
The Crusader
5:57 Loom
8:52 Feudal Age
9:24 Double-Bit Axe
12:37 Horse Collar
13:00 Fletching
21:21 Castle Age
19:56 Gold Mining
20:38 Scale Barding Armor
21:13 Bloodlines
21:51 Forging
22:38 Bow Saw
22:59 Town Watch
24:00 Wheelbarrow
24:16 Heavy Plow
33:37 Imperial Age
33:21 Chain Barding Armor
33:22 Hand Cart
33:35 Crossbowman
35:23 Chemistry
39:59 Bodkin Arrow
41:32 Plate Barding Armor
42:11 Bracer
42:14 Heavy Camel Rider
43:03 Husbandry
45:35 Iron Casting
Connection lost

Rejoining the realm…

Still unreachable

The connection could not be restored.

Session expired

The server has moved on; the page needs a fresh start.